 Dungeon Crawl Stone Soup version 0.22-a0-283-g1871b15 (webtiles) character file.

1866 sankara the Insei (level 9, -2/53 HPs)
             Began as an Octopode Transmuter on Mar 19, 2018.
             Was an Elder of Kikubaaqudgha.
             Killed by nerve-wracking pain
             ... invoked by a shadow imp
              (9 damage)
             ... on level 7 of the Dungeon.
             The game lasted 00:32:07 (6863 turns).

sankara the Insei (Octopode Transmuter)             Turns: 6863, Time: 00:32:08

Health: -2/53      AC:  6    Str:  9    XL:     9   Next: 13%
Magic:  11/13      EV: 21    Int: 18    God:    Kikubaaqudgha [****..]
Gold:   287        SH:  3    Dex: 18    Spells: 2/13 levels left

rFire    . . .     SeeInvis .     - Unarmed
rCold    . . .     Gourm    .   (shield currently unavailable)
rNeg     . . .     Faith    .   (helmet currently unavailable)
rPois    x         Spirit   .   F - +3 amulet of reflection
rElec    .         Reflect  +   n - +4 ring of protection
rCorr    .         Harm     .   y - +1 ring of evasion
MR       .....                  (no ring)
Stlth    ++........             (no ring)
HPRegen  0.17/turn              (no ring)
MPRegen  0.13/turn              (no ring)
                                (no ring)
                                (no ring)

@: spider-form (expiring)
A: tiny, almost no armour, stealthy swim, (amphibious), 8 rings, (constrict 8)
a: End Transformation, Receive Corpses, Renounce Religion


You were on level 7 of the Dungeon.
You worshipped Kikubaaqudgha.
Kikubaaqudgha was greatly pleased with you.
You were hungry.
You were a venomous arachnid creature.
You visited 2 branches of the dungeon, and saw 8 of its levels.

You collected 287 gold pieces.

Inventory:

Hand Weapons
 l - a cursed -2 hunting sling
   (You found it on level 1 of the Dungeon)
Missiles
 a - 89 arrows
 d - 176 stones (quivered)
 g - 6 tomahawks
 j - 8 silver javelins
Magical Staves
 B - an uncursed staff of cold {rC+}
   (You found it on level 4 of the Dungeon)
Jewellery
 n - a +4 ring of protection (left front leg)
   (You found it on level 1 of the Dungeon)
 x - an uncursed amulet of rage {+Rage, !d}
   (You found it on level 3 of the Dungeon)
 y - a +1 ring of evasion (right front leg)
   (You found it on level 6 of the Dungeon)
 F - a +3 amulet of reflection (around neck)
   (You found it on level 7 of the Dungeon)
Wands
 m - a wand of scattershot (7)
   (You found it on level 4 of the Dungeon)
 t - a wand of polymorph (3)
   (You took it off Terence on level 2 of the Dungeon)
Scrolls
 b - 3 scrolls of fog
 e - 10 scrolls of identify
 h - 3 scrolls of remove curse
 i - 2 scrolls of magic mapping {!r}
 o - a scroll of enchant armour
 r - 2 scrolls of blinking {!r}
 A - a scroll of amnesia {unknown}
 C - 2 scrolls of teleportation
Potions
 f - 5 potions of brilliance
 k - 4 potions of curing {unknown}
 p - 2 potions of mutation {unknown}
 q - a potion of heal wounds {unknown}
 s - a potion of degeneration {unknown}
 u - 2 potions of haste {unknown}
 v - a potion of invisibility {unknown}
 w - a potion of flight {unknown}
 z - a potion of magic {unknown}
 D - a potion of lignification {unknown}
 E - 2 potions of cancellation {unknown}
Comestibles
 c - 11 rations
 G - 6 chunks of flesh {@w0}


   Skills:
 - Level 1.0 Fighting
 - Level 2.0 Dodging
 + Level 7.8 Unarmed Combat
 + Level 2.9 Spellcasting
 - Level 3.0 Necromancy
 + Level 7.5 Transmutations
 - Level 4.0 Poison Magic


You had 2 spell levels left.
You knew the following spells:

 Your Spells              Type           Power        Failure   Level  Hunger
a - Beastly Appendage     Tmut           ####..       4%          1    None
b - Sticks to Snakes      Tmut           ####....     5%          2    ##.....
c - Spider Form           Tmut/Pois      ###.......   14%         3    ###....
d - Pain                  Necr           ##..         14%         1    None
e - Animate Dead          Necr           N/A          65%         4    ####...


Dungeon Overview and Level Annotations

Branches:
Dungeon (7/15)             Temple (1/1) D:6

Altars:
Cheibriados
Dithmenos
Elyvilon
Fedhas
Gozag
Hepliaklqana
Kikubaaqudgha
Nemelex Xobeh
Okawaru
Qazlal
Ru
Sif Muna
Trog
Uskayaw
Vehumet
Wu Jian
Xom
Yredelemnul
Zin
The Shining One

Annotations:
D:7 Arum's ghost, novice FoFi


Innate Abilities, Weirdness & Mutations

You cannot wear most types of armour.
You are very stealthy in the water. (Stealth+)
((You are amphibious.))
You can wear up to eight rings at the same time.
((You can use your tentacles to constrict eight enemies at once.))
((Your skin changes colour to match your surroundings (Stealth+).))
((Your rubbery body absorbs attacks. (AC +1, EV +1)))


Message History

You turn into a venomous arachnid creature.
The orc shouts!
You hit the orc.
The orc is poisoned.
The orc is lightly wounded.
The orc barely misses you.
You hit the orc.
The orc looks even sicker.
The orc is severely wounded.
You hit the orc.
You kill the orc!
Kikubaaqudgha accepts your kill.
You bite the adder zombie!
The adder zombie is severely damaged.
You block the adder zombie's attack.
You bite the adder zombie!
You destroy the adder zombie!
Kikubaaqudgha accepts your kill.
Things that are here:
a whip; a chain mail There isn't anything to butcher here.
k - 4 sedimented white potions (gained 1)
A shadow imp comes into view.
A shadow imp is nearby!
Arum's ghost (novice Formicid Fighter) comes into view.
Found a hide-covered altar of Uskayaw.
Things that are here:
a whip; a chain mail Your transformation is almost over.
Casting: Spider Form (safe; 14% risk of failure)
Confirm with . or Enter, or press ? or * to list all spells.
Okay, then.
Casting: Spider Form (safe; 14% risk of failure)
Confirm with . or Enter, or press ? or * to list all spells.
You extend your transformation's duration.
You are feeling hungry.
You hit Arum's ghost but do no damage. Arum's ghost completely misses you.
You bite Arum's ghost!
Arum's ghost is lightly damaged.
Arum's ghost hits you!
You hit Arum's ghost but do no damage.
Arum's ghost is lightly damaged.
Arum's ghost misses you.
You barely miss Arum's ghost.
Arum's ghost is lightly damaged.
Arum's ghost barely misses you.
You barely miss Arum's ghost.
Arum's ghost is lightly damaged.
Arum's ghost barely misses you.
You hit Arum's ghost but do no damage.
Arum's ghost is lightly damaged.
Arum's ghost hits you.
You bite Arum's ghost!
Arum's ghost is lightly damaged.
Arum's ghost hits you but does no damage.
You hit Arum's ghost.
Arum's ghost is lightly damaged.
You hit Arum's ghost.
Arum's ghost is moderately damaged.
Arum's ghost misses you.
You hit Arum's ghost.
Arum's ghost is moderately damaged.
Arum's ghost completely misses you.
You hit Arum's ghost but do no damage.
Arum's ghost is moderately damaged.
Arum's ghost closely misses you.
You hit Arum's ghost.
Arum's ghost is moderately damaged.
You block Arum's ghost's attack.
You hit Arum's ghost.
Arum's ghost is moderately damaged.
Arum's ghost completely misses you.
You bite Arum's ghost!
Arum's ghost is heavily damaged.
You hit Arum's ghost but do no damage.
Arum's ghost is heavily damaged.
Arum's ghost hits you!!
You hit Arum's ghost but do no damage.
Arum's ghost is heavily damaged.
Arum's ghost hits you but does no damage.
You hit Arum's ghost but do no damage.
Arum's ghost is heavily damaged.
Arum's ghost closely misses you.
You closely miss Arum's ghost.
Arum's ghost is heavily damaged.
Arum's ghost misses you.
You barely miss Arum's ghost.
Arum's ghost is heavily damaged.
Arum's ghost hits you!
* * * LOW HITPOINT WARNING * * *
The shadow imp shouts, "Scamper home, thou unctious idle-headed harpy!"
The shadow imp grinds its teeth.
Casting: Spider Form (safe; 14% risk of failure)
Confirm with . or Enter, or press ? or * to list all spells.
You create a snake!
You now have 89 arrows.
Arum's ghost hits you!
* * * LOW HITPOINT WARNING * * *
Your transformation is almost over.
Your adder bites Arum's ghost but does no damage.
The shadow imp gestures at you. Pain shoots through your body!
You die...
Kikubaaqudgha rasps: "You have failed me!
Welcome... death!"

.# #. #. .# #. #.###.#### ### .#
#.# #........# ##.## .# ..
#..##.##.###.#.### .# #.##
#..##.##.#..###..# .# ###..#
#..........## ##.####.#
..##.####.##.##..#######.....####
...#...)).......s.WS.............
....#.))#.......#....#..#.#....##
.........##.#####5....#.#.#......
....#.......# #.......#)#......
...##....##.# #....####.#......
#####.......# #....####..(.....
..# ##...##.# #.$.........#..?.
..# #..>##.# #...#............
..## #....... ....5.####.####.


You could see Arum's ghost, a shadow imp and a friendly adder.

Vanquished Creatures
  A water moccasin (D:6)
  An ice beast (D:5)
  A sky beast (D:7)
  An orc warrior (D:5)
  A phantom (D:6)
  A centaur (D:5)
  An ogre (D:4)
  2 bullfrogs (D:6)
  A scorpion (D:5)
  5 killer bees
  4 crimson imps
  3 hounds
  A bullfrog skeleton (D:5)
  Jessica (D:3)
  2 iguanas (D:5)
  4 worker ants
  2 orc wizards (D:6)
  Terence (D:2)
  6 gnolls
  8 adders
  2 oozes
  An adder zombie (D:7)
  5 worms
  A dart slug (D:2)
  3 leopard geckos (D:3)
  22 orcs
  6 giant cockroaches
  14 goblins
  7 hobgoblins
  9 jackals
  12 kobolds
  6 quokkas
  3 ball pythons
  6 bats
  10 frilled lizards
  2 giant cockroach zombies
  A jackal zombie (D:5)
  11 rats
168 creatures vanquished.

Vanquished Creatures (collateral kills)
  An orc priest (D:7)
  Crazy Yiuf (D:2)
  Robin (D:2)
  2 goblins (D:2)
5 creatures vanquished.

Grand Total: 173 creatures vanquished

Notes
Turn   | Place    | Note
-------+----------+-------------------------------------------
     0 | D:1      | sankara the Octopode Transmuter began the quest for the Orb.
     0 | D:1      | Reached XP level 1. HP: 13/13 MP: 3/3
   312 | D:1      | Reached XP level 2. HP: 15/18 MP: 3/5
   325 | D:1      | Learned a level 2 spell: Sticks to Snakes
   927 | D:1      | Found an ancient bone altar of Kikubaaqudgha.
   933 | D:1      | Became a worshipper of Kikubaaqudgha
   957 | D:2      | Reached XP level 3. HP: 22/23 MP: 4/6
   971 | D:2      | Reached skill level 3 in Transmutations
  1175 | D:2      | Reached * piety under Kikubaaqudgha
  1175 | D:2      | Identified Kikubaaqudgha's Almanac of Necromancy (Kikubaaqudgha gifted it to you on level 2 of the Dungeon)
  1175 | D:2      | Received a gift from Kikubaaqudgha
  1175 | D:2      | Reached XP level 4. HP: 13/28 MP: 1/7
  1177 | D:2      | Reached skill level 4 in Unarmed Combat
  1192 | D:2      | Learned a level 3 spell: Spider Form
  1509 | D:2      | Noticed Robin
  1522 | D:2      | Killed Robin
  1600 | D:2      | Reached skill level 1 in Poison Magic
  1603 | D:2      | Noticed Terence
  1622 | D:1      | Learned a level 1 spell: Pain
  1688 | D:2      | Found a runed door.
  1749 | D:2      | Killed Terence
  1749 | D:2      | Reached XP level 5. HP: 32/33 MP: 4/8
  1837 | D:2      | Reached ** piety under Kikubaaqudgha
  1849 | D:2      | Found an ornate altar of the Wu Jian Council.
  1896 | D:2      | Found an opulent altar of Gozag.
  1897 | D:2      | Found a sparkling altar of Nemelex Xobeh.
  1984 | D:2      | Found a hazy altar of Hepliaklqana.
  2151 | D:2      | Noticed Crazy Yiuf
  2161 | D:2      | Killed Crazy Yiuf
  2161 | D:2      | Reached skill level 2 in Poison Magic
  2343 | D:3      | Reached skill level 1 in Necromancy
  2361 | D:3      | Found a bloodstained altar of Trog.
  2801 | D:3      | Found a glowing golden altar of the Shining One.
  2807 | D:3      | Noticed Jessica
  2812 | D:3      | Reached skill level 4 in Transmutations
  2818 | D:3      | Reached XP level 6. HP: 25/38 MP: 0/9
  2821 | D:3      | Reached *** piety under Kikubaaqudgha
  2821 | D:3      | Identified Kikubaaqudgha's Incunabulum of Unholy Arts (Kikubaaqudgha gifted it to you on level 3 of the Dungeon)
  2821 | D:3      | Received a gift from Kikubaaqudgha
  2823 | D:3      | Killed Jessica
  3181 | D:4      | Reached skill level 2 in Necromancy
  3181 | D:4      | Reached skill level 3 in Poison Magic
  3859 | D:4      | Found a white marble altar of Elyvilon.
  3972 | D:5      | Entered Level 5 of the Dungeon
  3978 | D:5      | Reached skill level 5 in Unarmed Combat
  3978 | D:5      | Reached XP level 7. HP: 41/43 MP: 6/10
  3980 | D:5      | Found a snail-covered altar of Cheibriados.
  4154 | D:5      | Reached skill level 3 in Necromancy
  4154 | D:5      | Reached skill level 4 in Poison Magic
  4352 | D:5      | Found a shadowy altar of Dithmenos.
  4368 | D:5      | Reached skill level 5 in Transmutations
  4969 | D:5      | Reached XP level 8. HP: 44/48 MP: 7/11
  4984 | D:5      | Reached skill level 6 in Unarmed Combat
  5432 | D:5      | Reached skill level 6 in Transmutations
  5433 | D:5      | Reached **** piety under Kikubaaqudgha
  5599 | D:5      | Learned a level 4 spell: Animate Dead
  5935 | D:6      | Reached skill level 7 in Unarmed Combat
  6127 | D:6      | Found a staircase to the Ecumenical Temple.
  6156 | Temple   | Entered the Ecumenical Temple
  6251 | D:6      | Reached skill level 7 in Transmutations
  6471 | D:7      | Reached XP level 9. HP: 53/53 MP: 8/12
  6579 | D:7      | Found an ancient bone altar of Kikubaaqudgha.
  6826 | D:7      | Found a hide-covered altar of Uskayaw.
  6826 | D:7      | Noticed Arum's ghost (novice FoFi)
  6859 | D:7      | HP: 6/53 [Arum's ghost (10)]
  6863 | D:7      | Killed from afar by a shadow imp

Vault maps used:
D:1:      minmay_arrival_cross, kennysheep_flooded_box, lemuel_old_faithful
D:2:      grunt_temple_overflow_opulence, old_standard_altar,
          lemuel_doored_altar, uniq_robin, uniq_terence, uniq_crazy_yiuf_cottage
D:3:      lemuel_coloured_pillars_altar, overflow_temple_1_default, uniq_jessica
D:4:      elyvilon_altar_3
D:5:      cheibriados_altar_1, first_ration, nicolae_dithmenos_shadow_blocks
D:6:      temple_fountains, minmay_misc_feat_doors
D:7:      kiku_gazebo_pond_becter, nicolae_overflow_crystal_walls,
          nicolae_ashenzari_panopticon, serial_shops, kennysheep_little_box,
          minmay_misc_feat_four_crosses, uniq_menkaure
Temple:   eino_wide_crystal_templ

Skill      XL: |  1  2  3  4  5  6  7  8 |
---------------+-------------------------+-----
Transmutations | 3 4 5 7 |  7.5
Unarmed Combat | 4 5 7 |  7.8
Poison Magic   | 1 2 3 4 |  4.0
Necromancy     | 1 2 3 |  3.0
Fighting       | |  1.0
Dodging        | |  2.0
Spellcasting   | |  2.9

Action                   |  1- 3 |  4- 6 |  7- 9 || total
-------------------------+-------+-------+-------++-------
Melee: Unarmed           |    82 |   170 |   228 ||   480
       Constrict         |    26 |    27 |     1 ||    54
       Kick              |    17 |    27 |       ||    44
       Tentacles         |    10 |    20 |     1 ||    31
       Punch             |       |     5 |       ||     5
 Cast: Beastly Appendage |    22 |    27 |     1 ||    50
       Sticks to Snakes  |     2 |    10 |     2 ||    14
       Pain              |       |    12 |    21 ||    33
       Spider Form       |       |    11 |    31 ||    42
  Use: Scroll            |       |       |     9 ||     9
 Stab: Sleeping          |     5 |     3 |     2 ||    10
  Eat: Chunk             |     1 |    12 |    13 ||    26
Armor: Skin              |    11 |    36 |    20 ||    67
Dodge: Dodged            |    49 |   111 |   169 ||   329
Block: Other             |       |       |     3 ||     3
       Reflection        |       |       |     1 ||     1

Table legend:
 A = Spawn XP
 B = Non-spawn XP
 C = Spawn XP percentage of total XP
 D = Spawn monster count
 E = Non-spawn monster count
 F = Spawn count percentage of total count
 G = Total turns spent on level
                    A         B        C        D         E        F      G
               +---------+---------+-------+---------+---------+-------+---------
         Total |       0 |    2667 |   0.0 |       0 |     173 |   0.0 |  6863
               +---------+---------+-------+---------+---------+-------+---------
           D:1 |       0 |      30 |   0.0 |       0 |      22 |   0.0 |   997
           D:2 |       0 |     207 |   0.0 |       0 |      48 |   0.0 |  1239
           D:3 |       0 |     143 |   0.0 |       0 |      34 |   0.0 |   991
           D:4 |       0 |     229 |   0.0 |       0 |      15 |   0.0 |   846
           D:5 |       0 |     888 |   0.0 |       0 |      23 |   0.0 |  1507
           D:6 |       0 |     831 |   0.0 |       0 |      18 |   0.0 |   840
           D:7 |       0 |     339 |   0.0 |       0 |      13 |   0.0 |   395
               +---------+---------+-------+---------+---------+-------+---------

Vault maps used:
D:1:      minmay_arrival_cross, kennysheep_flooded_box, lemuel_old_faithful
D:2:      grunt_temple_overflow_opulence, old_standard_altar,
          lemuel_doored_altar, uniq_robin, uniq_terence, uniq_crazy_yiuf_cottage
D:3:      lemuel_coloured_pillars_altar, overflow_temple_1_default, uniq_jessica
D:4:      elyvilon_altar_3
D:5:      cheibriados_altar_1, first_ration, nicolae_dithmenos_shadow_blocks
D:6:      temple_fountains, minmay_misc_feat_doors
D:7:      kiku_gazebo_pond_becter, nicolae_overflow_crystal_walls,
          nicolae_ashenzari_panopticon, serial_shops, kennysheep_little_box,
          minmay_misc_feat_four_crosses, uniq_menkaure
Temple:   eino_wide_crystal_templ

Table legend:
 A = Turns spent in this place as a percentage of turns spent in the entire game.
 B = Non-inter-level travel turns spent in this place as a percentage of non-inter-level travel turns spent in the entire game.
 C = Inter-level travel turns spent in this place as a percentage of turns spent in this place.
 D = Turns resting spent in this place as a percentage of non-inter-level travel turns spent in this place.
 E = Turns spent auto-exploring this place as a percentage of non-inter-level travel turns spent in this place.
 F = Non-inter-level travel turns spent in this place divided by the number of levels of this place that you've seen.
                   A       B       C       D       E      F
               +-------+-------+-------+-------+-------+----------------------
         Total | 100.0 | 100.0 |   2.4 |  33.3 |  38.4 | 837.0
       Dungeon |  99.3 |  99.4 |   2.3 |  33.6 |  38.1 | 950.7
        Temple |   0.7 |   0.6 |  14.6 |   0.0 |  95.1 |  41.0
               +-------+-------+-------+-------+-------+----------------------

Table legend:
 A = Kills in this place as a percentage of kills in entire the game.
 B = Kills by you in this place as a percentage of kills by you in the entire game.
 C = Kills by friends in this place as a percentage of kills by friends in the entire game.
 D = Other kills in this place as a percentage of other kills in the entire game.
 E = Experience gained in this place as a percentage of experience gained in the entire game.
 F = Experience gained in this place divided by the number of levels of this place that you have seen.
                   A       B       C       D       E      F
               +-------+-------+-------+-------+-------+----------------------
         Total | 100.0 | 100.0 | 100.0 |   N/A | 100.0 | 333.4
       Dungeon | 100.0 | 100.0 | 100.0 |   N/A | 100.0 | 381.0
               +-------+-------+-------+-------+-------+----------------------
